 Dungeon Crawl Stone Soup version 0.30-b1-2-g02819fbbbe (webtiles) character file.

Game seed: 3056409903139659154

294587 LLlMATKO the Peltast (level 20, -5/288 (289) HPs)
             Began as a Minotaur Berserker on June 3, 2023.
             Was a High Priest of Trog.
             Slain by a ghoul (11 damage)
             ... on level 2 of the Vaults.
             The game lasted 00:51:07 (38895 turns).

LLlMATKO the Peltast (Minotaur Berserker)          Turns: 38895, Time: 00:51:08

HP:   -5/288 (289)  AC: 34    Str: 28    XL:     20   Next: 3%
MP:   19/19         EV: 14    Int:  4    God:    Trog [*****.]
Gold: 559           SH: 25    Dex: 10    Spells: 19/19 levels left

rFire   . . .        C - +1 war axe (heavy)
rCold   + . .        V - +0 tower shield
rNeg    . . .        u - +4 storm dragon scales {Bai Suzhen}
rPois   +            G - +0 hat {SInv}
rElec   +            r - +2 cloak
rCorr   .            a - +2 pair of gloves
SInv    +            Z - +2 pair of boots {rampage}
Will    ++++.        Q - amulet of Accord {Reflect Rampage rPois Regen+ Dex-3 SH+5} Stlth
                     i - ring of protection from cold
HPRegen 2.48/turn    t - ring of willpower
MPRegen 0.16/turn

%: reflection, rampage
@: berserking, strong-willed, regenerating, studying 2 skills, lightly drained,
very quick
A: horns 2, retaliatory headbutt
}: 2/15 runes: decaying, serpentine
a: Renounce Religion, Berserk, Trog's Hand, Brothers in Arms


You were on level 2 of the Vaults.
You worshipped Trog.
Trog was extremely pleased with you.
You visited 6 branches of the dungeon, and saw 32 of its levels.
You also visited: Bailey and Desolation.

You collected 4479 gold pieces.
You spent 3920 gold pieces at shops.

Inventory:

Hand Weapons
 A - a +0 hand axe of flaming
 C - a +1 heavy war axe (weapon)
 U - the +4 war axe "Yganud" {venom, +Blink rN+ rCorr}
   (You bought it in a shop on level 2 of the Orcish Mines)

   rN:        It protects you from negative energy.
   +Blink:    It lets you blink.
   rCorr:     It protects you from acid and corrosion.
Missiles
 y - 9 datura-tipped darts (quivered)
 N - 6 curare-tipped darts
 W - 9 atropa-tipped darts
Armour
 a - a +2 pair of gloves (worn)
 m - the +0 plate armour of Dosucw {rF++ Str+3}
   (You bought it in a shop on level 2 of the Orcish Mines)

   Str:       It affects your strength (+3).
   rF:        It greatly protects you from fire.
 r - a +2 cloak (worn)
 u - +4 storm dragon scales (worn) {Bai Suzhen}
 G - a +0 hat of see invisible (worn)
 V - a +0 tower shield (worn)
 Z - a +2 pair of boots of rampaging (worn)
Jewellery
 i - a ring of protection from cold (left hand)
 t - a ring of willpower (right hand)
 K - a ring of protection from fire
 O - the ring of Conformity {Contam rF+++ rC+++ AC+4 Int-3}
   (You found it in the Desolation of Salt)

   [ring of protection]

   AC:        It affects your AC (+4).
   Int:       It affects your intelligence (-3).
   rF:        It renders you almost immune to fire.
   rC:        It renders you almost immune to cold.
   Contam:    It causes magical contamination when unequipped.
 Q - the amulet of Accord (around neck) {Reflect Rampage rPois Regen+ Dex-3 SH+5}
   (You found it on level 10 of the Dungeon)

   [amulet of reflection]

   It reflects blocked missile attacks.
   Dex:       It affects your dexterity (-3).
   rPois:     It protects you from poison.
   Regen:     It increases your rate of health regeneration.
   SH:        It affects your SH (+5).
   Rampage:   It bestows one free step when moving towards enemies.
 R - a ring of protection from cold
 Y - a ring of protection from cold
Wands
 b - a wand of mindburst (12)
 d - a wand of roots (48)
 j - a wand of polymorph (27)
 o - a wand of digging (19)
 x - a wand of flame (37)
 D - a wand of quicksilver (13)
 M - a wand of paralysis (19)
Scrolls
 c - 2 scrolls of magic mapping
 e - 6 scrolls of fog
 f - 6 scrolls of immolation
 g - 13 scrolls of teleportation
 p - 10 scrolls of identify
 v - 7 scrolls of fear
 B - 2 scrolls of silence
 F - 2 scrolls of blinking
 H - 3 scrolls of enchant armour
 I - 4 scrolls of enchant weapon
 J - a scroll of butterflies
 P - 2 scrolls of poison
 T - 5 scrolls of brand weapon
Potions
 h - 3 potions of might
 k - 7 potions of flight
 l - 7 potions of heal wounds
 n - 5 potions of berserk rage
 s - 4 potions of ambrosia
 w - 9 potions of curing
 z - 8 potions of haste
 E - a potion of magic {unknown}
 L - a potion of invisibility
 S - a potion of cancellation
 X - 3 potions of resistance


   Skills:
 + Level 20.2 Fighting
 + Level 20.2 Axes
 + Level 20.0 Armour
 + Level 18.6 Dodging
 + Level 20.8 Shields


You had 19 spell levels left.
You didn't know any spells.
Your spell library was empty.

Dungeon Overview and Level Annotations

Branches:
Dungeon (15/15)            Temple (0/1) D:5            Lair (5/5) D:9
  Swamp (4/4) Lair:2        Snake (4/4) Lair:2        Slime (0/5) Lair:4
    Orc (2/2) D:12            Elf (0/3) Orc:2        Vaults (2/5) D:14
 Depths (0/4) D:15         Bailey (visited)         Desolation (visited)
  Crypt: Vaults:2-3

Altars:
Cheibriados
Elyvilon
Fedhas
Hepliaklqana
Kikubaaqudgha
Makhleb
Nemelex Xobeh
Sif Muna
Zin
Lugonu

Shops:
D:3 (   D:12 [   Orc:2 ([*:   Snake:4 ??:*   Vaults:1 ?*=[

Portals:
Trove: Vaults:1 (give horn of Geryon)

Annotations:
D:13 exclusion: ice statue
Vaults:2 Mara


Innate Abilities, Weirdness & Mutations

You have a pair of horns on your head.
You reflexively headbutt those who attack you in melee.


Message History

The ironbound convoker hits you with a +0 morningstar!!
* * * LOW HITPOINT WARNING * * *
The vault sentinel blows a loud note on a signal horn!
You block the orc warlord's attack.
You cut Mara into ribbons!!! Your headbutt misses Mara.
Mara is severely wounded.
You slash the ironbound frostheart!
You closely miss the ironbound convoker.
You barely miss Mara. You slash the orc warlord!
You kill the orc warlord!
Trog accepts your kill.
You slash the orc knight! You barely miss Mara.
You block the orc knight's attack. The orc knight barely misses you.
You furiously retaliate!
You headbutt the orc knight!! Mara gestures at you.
There is a horrible, sudden wrenching feeling in your soul!
You block Mara's attack.
You block the ironbound convoker's attack.
You block the ironbound frostheart's attack.
Mara closely misses you.
You cut Mara into ribbons!!!
You kill Mara!
Mara shimmers and vanishes!
LLlMATKO's illusion is no longer berserk.
LLlMATKO's illusion shimmers and vanishes!
You hit Mara but do no damage. You slash the ghoul! You slash the orc knight!
You miss Mara.
You completely miss the ironbound frostheart.
You slash the ironbound convoker!
You kill the ironbound convoker!
Trog accepts your kill.
Trog appreciates your killing of a magic user.
An ironbound frostheart comes into view.
The orc knight hits you with a +0 great mace!!
* * * LOW HITPOINT WARNING * * *
Mara hits you with a +0 demon whip of electrocution.
* * * LOW HITPOINT WARNING * * *
You block the orc knight's attack.
Mara blinks!
You block the ghoul's attack. The ghoul claws you!
You die...

.##...<..# .##......#
.##......# .##......#
.##......#
####'###########+#######
................).......
[[.............)))......
...............ยง@n.....p
...............pRoo..R..
................Qp......
........................
.....................$..
#################'######
.# .#


You could see a ghoul (strong), 2 Maras, a tengu reaver, 2 orc knights, 2
ironbound frosthearts and a vault sentinel.

Vanquished Creatures
  Bai Suzhen (Swamp:4)
  Rupert (Lair:5)
  Mlioglotl (Swamp:4)
  Jorgrun (Orc:1)
  Frances (D:13)
  A thorn hunter (Swamp:1)
  Gastronok (Lair:1)
  The ghost of adept the Warrior, an adept DjCj of Hepliaklqana (Snake:2)
  Kirke (Snake:4)
  A nagaraja (Snake:4)
  Aizul (Snake:4)
  4 vault wardens
  2 imperial myrmidons (Desolation)
  Louise (Snake:4)
  2 orc warlords
  4 ironbound preservers
  A stone giant (Orc:1)
  6 very ugly things (Vaults:1)
  An ironbound thunderhulk (Vaults:1)
  4 eleionomae
  8 bunyips
  2 dire elephants
  3 crystal guardians (Desolation)
  Azrael (D:13)
  2 ettins (Orc:1)
  Snorg (D:12)
  A fire dragon (Lair:5)
  9 ragged hierophants (Desolation)
  A shambling mangrove (Swamp:4)
  A rakshasa (D:10)
  2 great orbs of eyes (Vaults:1)
  10 servants of whispers (Desolation)
  Josephine (Lair:5)
  13 vault guards
  3 yaktaur captains
  2 salamander tyrants (Snake:4)
  2 ghost crabs
  Erolcha (D:13)
  20 hydras
  8 anacondas
  2 ironbound frosthearts (Vaults:1)
  10 peacekeepers
  8 centaur warriors
  3 catoblepae
  A jorogumo (shapeshifter) (D:10)
  5 alligators
  5 two-headed ogres
  4 boulder beetles
  6 death yaks (Lair:5)
  A tengu warrior (D:15)
  23 naga sharpshooters
  18 naga warriors
  3 orc high priests (Orc:2)
  6 spriggans
  7 shock serpents
  5 skeletal warriors
  A salamander mystic (Snake:4)
  A fire crab (shapeshifter) (D:15)
  14 swamp dragons
  5 goliath frogs
  3 spriggan druids
  4 sea snakes (Snake:2)
  5 deep trolls (Vaults:1)
  5 naga ritualists
  13 bog bodies
  4 lindwurms
  A wolf spider (D:15)
  3 wizards (Vaults:1)
  6 orc knights
  17 ironbound convokers
  12 mana vipers
  14 ugly things
  A necromancer (Vaults:1)
  2 will-o-the-wisps
  19 cyclopes
  5 oklob plants
  2 human zombies (Vaults:1)
  3 manticores
  6 orc sorcerers
  A salamander (shapeshifter) (D:13)
  12 elephants
  8 salamanders
  7 guardian serpents
  42 black mambas
  4 molten gargoyles
  22 naga magi
  4 vault sentinels (Vaults:1)
  6 cane toads
  3 centaur skeletons (D:14)
  3 gargoyles
  A rime drake (Lair:4)
  Maggie (D:7)
  5 komodo dragons (Lair:5)
  A yaktaur (shapeshifter) (D:10)
  10 yaktaurs
  2 tengu conjurers
  An efreet (D:10)
  A freezing wraith (D:15)
  A queen bee (shapeshifter) (D:14)
  3 polar bears
  7 trolls
  9 hornets
  Prince Ribbit (Bailey)
  13 tyrant leeches
  79 saltlings (Desolation)
  11 blink frogs
  An elf zombie (Vaults:1)
  15 slime creatures
  Sigmund (D:6)
  2 shadows
  55 yaks
  A vampire (D:11)
  10 wyverns
  7 wraiths
  A water elemental (D:14)
  3 fire elementals (D:13)
  6 hogs (Snake:4)
  3 steam dragons (Lair:5)
  3 humans (Bailey)
  32 vampire mosquitoes
  A basilisk (shapeshifter) (D:10)
  6 basilisks
  An elf skeleton (Vaults:1)
  Grum (D:10)
  Menkaure (D:7)
  52 nagas
  8 acid dragons
  12 water moccasins
  7 wargs
  6 hell hounds
  19 swamp worms
  A glowing shapeshifter skeleton (Vaults:1)
  7 swamp drakes (Swamp:4)
  A meliai simulacrum (D:15)
  24 orc warriors
  A black bear (Lair:1)
  22 wolves
  A boggart (D:14)
  5 ogres
  10 centaurs
  6 kobold brigands
  20 bullfrogs
  6 necrophages (Lair:4)
  3 scorpions
  3 gnoll sergeants
  2 wights (D:9)
  10 killer bees
  2 electric eels
  6 howler monkeys
  4 lava snakes (Lair:5)
  3 hounds
  17 orc priests
  3 jellies
  2 sleepcaps
  A gnoll bouda (D:6)
  5 iguanas
  26 orc wizards
  16 gnolls
  7 adders
  2 white imps (D:7)
  An ufetubus (D:13)
  2 worms
  2 dart slugs (D:4)
  69 orcs
  5 bats
  7 endoplasms
  2 giant cockroaches
  11 goblins
  14 hobgoblins
  23 kobolds
  2 quokkas (D:5)
  3 ball pythons
  14 frilled lizards
  A rat (D:1)
  A spectral goblin (D:8)
  9 briar patches (Swamp:1)
  A butterfly (Lair:5)
1275 creatures vanquished.

Vanquished Creatures (collateral kills)
  A ragged hierophant (Desolation)
  A salamander tyrant (Snake:4)
  A naga warrior (Snake:4)
  2 anacondas
  A tengu warrior (D:9)
  An orc high priest (Orc:2)
  A naga sharpshooter (Snake:3)
  2 salamander mystics
  2 naga ritualists (Snake:4)
  A mana viper (Snake:4)
  A deep elf pyromancer (D:14)
  5 salamanders
  2 black mambas
  A naga mage (Snake:4)
  A centaur skeleton (D:14)
  A yaktaur (D:14)
  A saltling (Desolation)
  A yak (D:9)
  A vampire mosquito (D:13)
  5 nagas (Snake:4)
  A hell hound (D:13)
  3 orc warriors (Orc:2)
  An orc priest (Orc:2)
  2 orc wizards (Orc:2)
  4 orcs
43 creatures vanquished.

Vanquished Creatures (others)
  An eleionoma (Swamp:4)
  Sonja (Lair:5)
  A naga mage (Snake:4)
  2 bloated husks
  A vampire mosquito (D:13)
  2 orc priests (Orc:2)
  A kobold (D:7)
  3 briar patches (Swamp:1)
  2 foxfires (Swamp:1)
  25 fungi
  43 plants
  4 toadstools (Lair:3)
  3 withered plants (Desolation)
89 creatures vanquished.

Grand Total: 1407 creatures vanquished

Notes
Turn   | Place    | Note
-------+----------+-------------------------------------------
     0 | D:1      | LLlMATKO the Minotaur Berserker began the quest for the
                  | Orb.
     0 | D:1      | Reached XP level 1. HP: 19/19 MP: 0/0
   181 | D:1      | Reached XP level 2. HP: 23/27 MP: 1/1
   301 | D:1      | Reached ** piety under Trog
   595 | D:2      | Reached XP level 3. HP: 17/33 MP: 2/2
  1257 | D:3      | Found Quh Bisk's Weapon Emporium.
  1428 | D:3      | Reached XP level 4. HP: 33/40 MP: 3/3
  2204 | D:4      | Noticed a scorpion
  2215 | D:4      | Killed a scorpion
  2216 | D:4      | Reached XP level 5. HP: 47/47 MP: 4/4
  2406 | D:4      | Reached skill level 1 in Shields
  2539 | D:4      | Reached *** piety under Trog
  2959 | D:4      | Reached skill level 5 in Fighting
  2959 | D:4      | Reached skill level 5 in Axes
  2959 | D:4      | Reached XP level 6. HP: 51/56 MP: 5/5
  3294 | D:4      | Found a shimmering blue altar of Sif Muna.
  3438 | D:5      | Entered Level 5 of the Dungeon
  4033 | D:5      | Reached XP level 7. HP: 43/61 MP: 6/6
  4175 | D:5      | Found a staircase to the Ecumenical Temple.
  4228 | D:5      | Reached skill level 5 in Armour
  4637 | D:6      | Reached skill level 5 in Dodging
  4769 | D:6      | Reached XP level 8. HP: 62/70 MP: 7/7
  4952 | D:6      | Found an ancient bone altar of Kikubaaqudgha.
  4973 | D:6      | Noticed Sigmund
  4987 | D:6      | Killed Sigmund
  5519 | D:7      | Reached **** piety under Trog
  5544 | D:7      | Reached skill level 5 in Shields
  5638 | D:7      | Noticed Menkaure
  5644 | D:7      | Killed Menkaure
  5699 | D:7      | Reached XP level 9. HP: 40/79 MP: 8/8
  5767 | D:7      | Found a burning altar of Makhleb.
  5767 | D:7      | Found a sparkling altar of Nemelex Xobeh.
  5800 | D:7      | Noticed Maggie
  5807 | D:7      | Killed Maggie
  5849 | D:7      | Found a flagged portal.
  5874 | Bailey   | Entered a bailey
  6078 | Bailey   | Noticed Prince Ribbit
  6086 | Bailey   | Reached ***** piety under Trog
  6098 | Bailey   | Killed Prince Ribbit
  6185 | Bailey   | Noticed a vault guard
  6193 | Bailey   | Killed a vault guard
  6194 | Bailey   | Reached XP level 10. HP: 90/90 MP: 9/9
  6285 | Bailey   | Noticed a vault guard
  6294 | Bailey   | Killed a vault guard
  6642 | D:7      | Found a white marble altar of Elyvilon.
  6649 | D:7      | You fall into a shaft and drop 2 floors!
  7560 | D:8      | Found a hazy altar of Hepliaklqana.
  7945 | D:9      | Found a staircase to the Lair.
  8623 | D:9      | Found a glowing silver altar of Zin.
  8623 | D:9      | Noticed an angel
  8660 | D:9      | Noticed a two-headed ogre
  8662 | D:9      | Killed a two-headed ogre
  8744 | D:9      | Noticed a two-headed ogre
  8752 | D:9      | Killed a two-headed ogre
  8753 | D:9      | Reached skill level 10 in Fighting
  8753 | D:9      | Reached skill level 10 in Axes
  8753 | D:9      | Reached XP level 11. HP: 84/99 MP: 10/10
  8879 | D:9      | Noticed a two-headed ogre
  8879 | D:9      | Noticed a centaur warrior
  8880 | D:9      | Noticed a two-headed ogre
  8880 | D:9      | Noticed a centaur warrior
  8887 | D:9      | Killed a two-headed ogre
  8889 | D:9      | Killed a two-headed ogre
  8891 | D:9      | Killed a centaur warrior
  8892 | D:9      | Reached skill level 10 in Armour
  8894 | D:9      | Killed a centaur warrior
  8915 | D:9      | Noticed a tengu warrior
  8919 | D:9      | Killed a tengu warrior
  9615 | D:9      | Found a staircase to the Lair.
 10026 | D:9      | Found a glowing silver altar of Zin.
 10188 | D:9      | Found a staircase to the Lair.
 10827 | D:9      | Found a glowing silver altar of Zin.
 11159 | D:10     | Entered Level 10 of the Dungeon
 11361 | D:10     | Noticed Grum
 11376 | D:10     | Killed Grum
 11865 | D:10     | Noticed a rakshasa
 11866 | D:10     | Noticed a red ugly thing
 11936 | D:10     | Noticed a centaur warrior
 12039 | D:10     | Found a snail-covered altar of Cheibriados.
 12048 | D:10     | Found a blossoming altar of Fedhas.
 12148 | D:10     | Noticed a death drake
 12227 | D:10     | Noticed a sea snake
 12289 | D:10     | Noticed a jorogumo
 12346 | D:10     | Killed a centaur warrior
 12347 | D:10     | Reached skill level 10 in Shields
 12349 | D:10     | Killed a jorogumo
 12350 | D:10     | Reached skill level 10 in Dodging
 12351 | D:10     | Reached XP level 12. HP: 110/110 MP: 11/11
 12365 | D:10     | Killed a rakshasa
 12508 | D:10     | Identified the amulet of Accord {Reflect Rampage rPois
                  | Regen+ Dex-3 SH+5}
 12787 | D:11     | Noticed a centaur warrior
 12793 | D:11     | Killed a centaur warrior
 13435 | D:12     | Found Zimpio's Armour Emporium.
 13436 | D:12     | Found a staircase to the Orcish Mines.
 13455 | D:12     | Received a gift from Trog
 13569 | D:12     | Noticed Snorg
 13585 | D:12     | Killed Snorg
 13805 | D:12     | Identified the +0 helmet of Beauty {+Blink rElec SInv}
 13980 | D:12     | Identified the +2 trident of Heuwuraz {flame, rF+ Dex+3}
 14282 | D:13     | Noticed Erolcha
 14282 | D:13     | Noticed a centaur warrior
 14284 | D:13     | Noticed a centaur warrior
 14291 | D:13     | Killed Erolcha
 14292 | D:13     | Noticed Azrael
 14296 | D:13     | Reached XP level 13. HP: 56/119 MP: 12/12
 14463 | D:13     | Killed Azrael
 14882 | D:13     | Noticed Frances
 14895 | D:13     | Killed Frances
 15080 | D:13     | Identified the +7 flail of the Vase {freeze, rElec rPois
                  | Dex-3}
 15478 | D:14     | Found a gate to the Vaults.
 15851 | D:14     | Found a corrupted altar of Lugonu.
 15886 | D:14     | Found a sparkling altar of Nemelex Xobeh.
 16537 | D:15     | Entered Level 15 of the Dungeon
 16834 | D:15     | Noticed a dire elephant
 16844 | D:15     | Killed a dire elephant
 16845 | D:15     | Reached XP level 14. HP: 130/130 MP: 13/13
 17227 | D:15     | Found a staircase to the Depths.
 17511 | Lair:1   | Entered Level 1 of the Lair of Beasts
 17835 | Lair:1   | Noticed Gastronok
 17844 | Lair:1   | Killed Gastronok
 18581 | Lair:2   | Found a staircase to the Snake Pit.
 19002 | Lair:2   | Found a staircase to the Swamp.
 19605 | Lair:3   | Received a gift from Trog
 20161 | Lair:3   | Found a runed translucent door.
 20579 | Lair:3   | Identified the +5 battleaxe of a Labyrinth {heavy, rCorr
                  | Str+3}
 20788 | Lair:4   | Found a transporter.
 20792 | Lair:4   | Found a transporter.
 20840 | Lair:4   | Found a staircase to the Slime Pits.
 21064 | Lair:4   | Reached XP level 15. HP: 137/139 MP: 14/14
 21529 | Lair:4   | Reached skill level 15 in Fighting
 21570 | Lair:5   | Entered Level 5 of the Lair of Beasts
 21586 | Lair:5   | Noticed Josephine
 21592 | Lair:5   | Noticed Sonja
 21595 | Lair:5   | Killed Josephine
 21596 | Lair:5   | Reached skill level 15 in Axes
 21608 | Lair:5   | Killed Sonja
 21832 | Lair:5   | Reached skill level 15 in Armour
 22035 | Lair:5   | Noticed Rupert
 22047 | Lair:5   | Killed Rupert
 22570 | Lair:5   | Found a large runed translucent door.
 22612 | Lair:5   | Found a large runed translucent door.
 23935 | Orc:1    | Entered Level 1 of the Orcish Mines
 23943 | Orc:1    | Reached skill level 15 in Shields
 24391 | Orc:1    | Noticed Jorgrun
 24394 | Orc:1    | Received a gift from Trog
 24409 | Orc:1    | Killed Jorgrun
 24500 | Orc:1    | Found the +8 Wrath of Trog {antimagic, *Rage Rampage}
 24521 | Orc:1    | Identified the +9 giant club "Xyhonn" {antimagic, rF++ rC++
                  | Str+2}
 24522 | Orc:1    | Identified the +5 bardiche of Veifoth {heavy, rPois rF+++
                  | Str+3 Int-2}
 24530 | Orc:1    | Identified the +9 lajatang of Miog {freeze, rF++ Will+
                  | rCorr Stlth-}
 24615 | Orc:1    | Identified the +8 dagger of Frustration {freeze, Dex+4}
 24808 | Orc:2    | Entered Level 2 of the Orcish Mines
 24893 | Orc:2    | Reached XP level 16. HP: 150/150 MP: 15/15
 25190 | Orc:2    | Found Jatseocw's Antique Armour Emporium.
 25191 | Orc:2    | Found Utevoaso's Antique Weapon Emporium.
 25193 | Orc:2    | Found Xeet's General Store.
 25193 | Orc:2    | Found Erphovan's Book Shoppe.
 25208 | Orc:2    | Bought a masterwork plate armour for 924 gold pieces
 25208 | Orc:2    | Identified the +0 plate armour of Dosucw {rF++ Str+3} (You
                  | bought it in a shop on level 2 of the Orcish Mines)
 25210 | Orc:2    | Bought a bloodstained war axe for 238 gold pieces
 25210 | Orc:2    | Identified the +4 war axe "Yganud" {venom, +Blink rN+
                  | rCorr} (You bought it in a shop on level 2 of the Orcish
                  | Mines)
 25321 | Orc:2    | Received a gift from Trog
 25432 | Orc:2    | Found a staircase to the Elven Halls.
 25822 | Swamp:1  | Entered Level 1 of the Swamp
 25951 | Swamp:1  | Noticed a thorn hunter
 25982 | Swamp:1  | Killed a thorn hunter
 26108 | Swamp:1  | Reached skill level 15 in Dodging
 27380 | Swamp:3  | Received a gift from Trog
 27680 | Swamp:4  | Entered Level 4 of the Swamp
 27776 | Swamp:3  | Identified a scroll of acquirement
 28102 | Swamp:4  | Noticed Bai Suzhen
 28193 | Swamp:4  | Noticed Mlioglotl
 28213 | Swamp:4  | Noticed a bone dragon
 28221 | Swamp:4  | Killed Mlioglotl
 28289 | Swamp:4  | Acquired 348 gold pieces
 28435 | Swamp:4  | Found a hazy altar of Hepliaklqana.
 28491 | Swamp:4  | Killed Bai Suzhen
 28553 | Swamp:4  | Reached XP level 17. HP: 161/161 MP: 16/16
 29259 | Swamp:4  | Got a decaying rune of Zot
 29590 | Swamp:4  | Found a hazy altar of Hepliaklqana.
 30067 | Snake:1  | Entered Level 1 of the Snake Pit
 30665 | Snake:1  | Reached ****** piety under Trog
 31046 | Snake:1  | You fall into a shaft and drop 1 floor!
 31079 | Snake:2  | Found a runed translucent door.
 31991 | Snake:2  | Noticed adept's ghost (adept DjCj)
 32634 | Snake:2  | Killed adept's ghost
 33026 | Snake:3  | Reached XP level 18. HP: 168/172 MP: 17/17
 33048 | Snake:3  | Identified the +5 ring mail of Parlour Games {Rampage rElec
                  | Will- Str+2}
 33408 | Snake:3  | Received a gift from Trog
 33688 | Snake:4  | Entered Level 4 of the Snake Pit
 33697 | Snake:4  | Noticed Aizul
 33708 | Snake:4  | Noticed Kirke
 33718 | Snake:4  | Killed Aizul
 33722 | Snake:4  | Killed Kirke
 33885 | Snake:4  | Found Reolergh's Book Shoppe.
 33885 | Snake:4  | Found Lyedurgh's Magic Scroll Emporium.
 33936 | Snake:4  | Found Apluz's Assorted Antiques.
 33940 | Snake:4  | Found Guopt's Magic Scroll Emporium.
 33966 | Snake:4  | Noticed Louise
 34004 | Snake:4  | Killed Louise
 34318 | Snake:4  | Received a gift from Trog
 34960 | Snake:4  | Got a serpentine rune of Zot
 35089 | Snake:4  | Bought a scroll of acquirement for 1404 gold pieces
 35093 | Snake:4  | Acquired a manual of Shields
 35101 | Snake:4  | Bought a scroll of magic mapping for 112 gold pieces
 35101 | Snake:4  | Bought a scroll of magic mapping for 112 gold pieces
 35140 | Snake:4  | Found Reolergh's Book Shoppe.
 35140 | Snake:4  | Found Lyedurgh's Magic Scroll Emporium.
 35141 | Snake:4  | Found Guopt's Magic Scroll Emporium.
 35143 | Snake:4  | Found Apluz's Assorted Antiques.
 35856 | Vaults:1 | Entered Level 1 of the Vaults
 35863 | Vaults:1 | Found Zyssun's Assorted Antiques.
 35896 | Vaults:1 | Found Rontisam's Jewellery Boutique.
 36008 | Vaults:1 | Reached XP level 19. HP: 166/183 MP: 18/18
 36035 | Vaults:1 | Found a portal to a secret trove of treasure.
 36107 | Vaults:1 | Found a crumbling gateway.
 36122 | Desolati | Entered the Desolation of Salt
 36139 | Desolati | Received a gift from Trog
 36227 | Desolati | Found the +6 lightning scales {swift, rElec}
 36332 | Desolati | Identified the ring of Conformity {Contam rF+++ rC+++ AC+4
                  | Int-3}
 36337 | Desolati | Identified the +0 robe of Greed {rPois Str+3}
 36359 | Desolati | Identified the +9 scimitar of Eternal Vigilance {venom,
                  | rElec rCorr Str+4}
 36490 | Desolati | Identified the +7 dagger of the Oracle {antimagic, Fragile
                  | Str+7}
 36522 | Desolati | Identified the staff of earth "Xakexke" {Str+2}
 36565 | Desolati | Identified the +6 morningstar "Joale" {speed, rC+ Dex+2}
 36613 | Desolati | Identified the +5 war axe of the Incandescent {pain, Int+4
                  | Dex+3 Stlth-}
 36953 | Desolati | Identified the +7 arbalest of Fragile Peace {penet, rN+}
 36955 | Desolati | Identified the amulet of Nuzo {RegenMP Int+3}
 36976 | Desolati | Identified the +5 long sword "Hapirac" {speed, rN++ Str+2}
 36992 | Desolati | Identified the ring "Vogheoz" {Wiz rC+ Int+4}
 37964 | Vaults:1 | Found Sutet's Antique Armour Emporium.
 38064 | Vaults:1 | Received a gift from Trog
 38644 | Vaults:1 | Found Rurua's Magic Scroll Emporium.
 38653 | Vaults:1 | Bought a scroll of acquirement for 988 gold pieces
 38653 | Vaults:1 | Bought a scroll of magic mapping for 142 gold pieces
 38657 | Vaults:1 | Acquired a manual of Axes
 38863 | Vaults:2 | Reached XP level 20. HP: 193/193 MP: 19/19
 38881 | Vaults:2 | Noticed Mara
 38895 | Vaults:2 | Noticed LLlMATKO's illusion
 38895 | Vaults:2 | HP: 12/288 [orc knight/+0 great mace (18)]
 38895 | Vaults:2 | Slain by a ghoul

Illustrated notes

Levels and vault maps discovered:
D:1:      dpeg_arrival_brainrot, layout_rooms, minmay_lizard_pond
D:2:      layout_rooms
D:3:      layout_loops_ring, serial_shops, shop
D:4:      corexii_shack_village, layout_basic, lemuel_blue_sif_altar,
          serial_bayou_ford_a
D:5:      layout_loops_ring, minmay_temple_entry_glass, serial_co_window_serial,
          co_window_of_opportunity_a, co_window_corner_a, co_window_paths_a,
          co_window_paths_a, co_window_corner_a, co_window_corner_b,
          co_window_unsneaky_path_e, co_window_2corner, co_window_corner_b,
          glass_columns_a, glass_columns_a, glass_columns_b, glass_columns_a,
          glass_columns_a
D:6:      layout_loops_ring, kennysheep_mini, uniq_sigmund
D:7:      layout_loops_ring, elyvilon_altar_3,
          chequers_temple_overflow_statue_of_worship, enter_bailey_5,
          dreamdust_princess_bridge, uniq_menkaure, uniq_maggie
D:8:      layout_rooms, nicolae_hepliaklqana_monster_ancestors
D:9:      minmay_slanted_spiral_squares, layout_stronghold, zin_angel,
          dpeg_oklobed_lair
D:10:     layout_cave_pods, mainiacjoe_overflow_swirl, minivault_12, uniq_grum
D:11:     layout_loops_cross, grunt_ministairs_5, minmay_holes
D:12:     layout_gridville, orc_david_3, uniq_snorg
D:13:     cheibrodos_frozen_isle, layout_cave_pools, uniq_frances, uniq_azrael,
          uniq_erolcha
D:14:     layout_basic, hangedman_vaults_entry_quadrant_bands,
          nemelex_spade_bored_becter, tgw_lugonu_bribe
D:15:     hangedman_depths_entry_try_elsewhere_first, layout_rooms
Lair:1:   layout_loops_ring, wad_woods_river_01, uniq_gastronok
Lair:2:   layout_regular_city, palyth_hydra_swamp_entry,
          minmay_snake_entry_guardpost_medium, infiniplex_staircase_pool_2
Lair:3:   gammafunk_lair_enchanted_lake, layout_gridlike, hibernation_bobbens
Lair:4:   gammafunk_boulding_lane, layout_gridlike,
          minmay_slime_entry_oklob_open, roderic_carrion_pond,
          serial_bayou_shore_b, grunt_megastairs_1, lemuel_fruit_tree
Lair:5:   cheibrodos_lair_end_hotspot, layout_long_grid, lemuel_fruit_fields,
          serial_bayou_shore_b, uniq_rupert, uniq_sonja, uniq_josephine
Swamp:1:  layout_basic_swamp, nicolae_swamp_round_clearing, swamp_pool4
Swamp:2:  layout_basic_swamp, infiniplex_staircase_pool
Swamp:3:  layout_basic_swamp, nicolae_swamp_some_circles
Swamp:4:  grunt_swamp_rune_castle, layout_basic_swamp, swamp_pool1,
          nicolae_swamp_godswood, uniq_mlioglotl, uniq_bai_suzhen
Snake:1:  layout_chambers
Snake:2:  layout_chambers, ebering_ghost_inner_flame, serial_bayou_shore_a
Snake:3:  layout_gridlike, nicolae_triple_integral
Snake:4:  snake_pit, layout_misc_corridors, minmay_shoptagon, uniq_aizul,
          uniq_kirke, uniq_louise
Orc:1:    giant_chief_lemuel, layout_diamond_mine, uniq_jorgrun
Orc:2:    st_orc_congregation, layout_diamond_mine
Vaults:1: portal_desolation_entry_twin_temple,
          nicolae_vaults_trapezoid_lopsided_2, nicolae_vaults_double_plus_1,
          nicolae_vaults_spaceships, vaults_room_grunt_arrival_checkpoint,
          nicolae_vaults_asterisk, vaults_room_grunt_arrival_ludios,
          ontoclasm_vaults_decontamination, v_misc_8, vaults_room_boxed,
          nicolae_vaults_apartment_1, hangedman_vaults_stagger,
          nicolae_vaults_shelves_hall, nicolae_vaults_storage_room_statues,
          vaults_room_corners, layout_vaults_omnibox, enter_trove_5,
          serial_shops, shop, nicolae_shop_tiny_glass,
          nicolae_shop_gaudy_bauble, shop
Vaults:2: nicolae_vaults_closet_pinwheel_1, nicolae_vaults_disjoint_gnomons,
          grunt_vaults_twisty, v_misc_15, nicolae_vaults_tetromino_Z_1,
          hangedman_vaults_variations, nicolae_vaults_mini_display_case,
          minmay_crypt_entry_simple_plaza, nicolae_vaults_lightning_bolt,
          v_misc_17, hangedman_vaults_restitches, nicolae_vaults_shelves_hall,
          nicolae_vaults_diamond_1, nicolae_vaults_tetromino_T_1,
          nicolae_vaults_little_squares_6, layout_vaults_omnicross,
          serial_shops, shop, uniq_mara

Skill      XL: |  1  2  3  4  5  6  7  8  9 10 11 12 13 14 15 16 17 18 19 20 |
---------------+-------------------------------------------------------------+-----
Fighting       | 4 5 6 7 8 10 11 12 13 14 16 17 18 19 20 | 20.2
Axes           | 4 5 6 7 8 10 11 12 13 14 16 17 18 19 20 | 20.2
Armour         | 3 4 5 6 8 9 10 12 13 14 15 16 18 19 20 | 20.0
Dodging        | 3 4 5 6 7 8 10 11 12 13 14 15 16 17 18 | 18.6
Shields        | 1 2 4 5 7 8 10 11 12 14 15 16 17 18 20 | 20.8

Action                     |  1- 3 |  4- 6 |  7- 9 | 10-12 | 13-15 | 16-18 | 19-21 || total
---------------------------+-------+-------+-------+-------+-------+-------+-------++-------
  Melee: Hand axe          |    92 |   155 |     1 |       |    24 |   122 |       ||   394
         Headbutt          |     7 |    22 |    33 |    69 |   212 |   282 |   142 ||   767
         Punch             |     1 |       |       |       |       |       |       ||     1
         War axe           |       |       |   162 |   304 |   886 |  1148 |   498 ||  2998
  Throw: Dart              |       |     1 |       |     2 |    25 |    21 |       ||    49
 Invoke: Berserk           |       |     3 |     3 |     8 |    15 |    15 |     5 ||    49
         Trog's Hand       |       |       |       |     3 |     6 |    10 |     5 ||    24
         Brothers in Arms  |       |       |       |     3 |     5 |     9 |     3 ||    20
  Evoke: Wand              |       |       |       |     1 |       |       |       ||     1
    Use: Scroll            |       |       |     8 |       |    21 |     9 |     1 ||    39
   Stab: Sleeping          |       |     1 |       |       |       |       |       ||     1
         Petrified         |       |       |       |       |     9 |       |       ||     9
 Armour: Animal skin       |    19 |     3 |       |       |       |       |       ||    22
         Scale mail        |       |    49 |    23 |       |       |       |       ||    72
         Ring mail         |       |       |    54 |    13 |       |       |       ||    67
         Swamp dragon scal |       |       |       |    43 |       |       |       ||    43
         Plate armour      |       |       |       |   146 |   526 |   426 |       ||  1098
         Storm dragon scal |       |       |       |       |       |   224 |   172 ||   396
  Dodge: Dodged            |    46 |    58 |   109 |   218 |   356 |   524 |   151 ||  1462
  Block: Buckler           |       |    17 |    92 |    89 |       |       |       ||   198
         Reflection        |       |       |     4 |    34 |    35 |   144 |     7 ||   224
         Kite shield       |       |       |       |   304 |   909 |   714 |       ||  1927
         Tower shield      |       |       |       |       |       |   742 |   551 ||  1293
